 Dungeon Crawl Stone Soup version 0.19.1 (webtiles) character file.

533 CanadianGator the Chopper (level 7, -3/61 HPs)
             Began as a Hill Orc Fighter on Nov 25, 2016.
             Slain by an ogre
             ... wielding a +0 giant club
              (16 damage)
             ... on level 4 of the Dungeon.
             The game lasted 00:05:35 (2405 turns).

CanadianGator the Chopper (Hill Orc Fighter)        Turns: 2405, Time: 00:05:35

Health: -3/61      AC:  9    Str: 21    XL:     7   Next: 24%
Magic:  7/7        EV:  8    Int:  8    God:
Gold:   170        SH:  9    Dex: 10    Spells: 0 memorised, 6 levels left

rFire  + . .     SeeInvis .     a - +0 war axe
rCold  . . .     Gourm    .     b - +0 scale mail
rNeg   . . .     Faith    .     c - +0 shield
rPois  .         Spirit   .     (no helmet)
rElec  .         Reflect  .     d - +1 cloak
rCorr  .         Harm     .     (no gloves)
MR     .....                    (no boots)
Stlth  ..........               (no amulet)
                                (no ring)
                                k - ring of protection from fire

@: no status effects
A: no striking features
a: no special abilities


You were on level 4 of the Dungeon.
You were not hungry.

You visited 1 branch of the dungeon, and saw 4 of its levels.

You collected 170 gold pieces.

Inventory:

Hand Weapons
 a - a +0 war axe (weapon)
Armour
 b - a +0 scale mail (worn)
 c - a +0 shield (worn)
 d - a +1 cloak (worn)
Jewellery
 k - a ring of protection from fire (left hand)
Scrolls
 i - 3 scrolls of teleportation {unknown}
 j - 2 scrolls of noise {unknown}
 l - a scroll of enchant weapon {unknown}
 m - a scroll of recharging {unknown}
 n - 4 scrolls of remove curse {unknown}
 o - 3 scrolls of random uselessness {unknown}
 q - a scroll of blinking {unknown}
 s - a scroll of immolation {unknown}
 u - a scroll of identify {unknown}
 v - a scroll of fog {unknown}
Potions
 e - 2 potions of magic
 h - a potion of mutation {unknown}
 p - a potion of curing
 r - a potion of brilliance {unknown}
 t - a potion of agility {unknown}
 w - a potion of invisibility {unknown}
Comestibles
 f - 2 bread rations
 g - 4 fruits
 x - 3 chunks of flesh


   Skills:
 + Level 5.4 Fighting
 * Level 6.8 Axes
 + Level 4.7 Armour
 + Level 2.3 Dodging
 - Level 3.2 Shields


You had 6 spell levels left.
You didn't know any spells.

Dungeon Overview and Level Annotations

Branches:
Dungeon (4/15)
 Temple: D:4-7

Altars:


Message History

You barely miss the ogre.
The ogre is lightly wounded.
The ogre hits you with a giant club!
You barely miss the ogre.
The ogre is lightly wounded.
You block the ogre's attack.
You hit the ogre but do no damage.
The ogre is lightly wounded.
The ogre hits you with a giant club!
You hit the ogre but do no damage.
The ogre is lightly wounded.
You block the ogre's attack.
You hit the ogre.
The ogre is moderately wounded.
The ogre hits you with a giant club!!
* * * LOW HITPOINT WARNING * * *
It was a potion of magic.
Magic courses through your body.
It was a potion of curing.
You feel better. The ogre hits you with a giant club!
You die...

...# #....# ##.##
#....... ...# #....# #..#
#####....### ...#
#....#####.# #...#....#
...# #....#...#.#
#...#....### ...#
#....#...#.###...#....##.
...#
######...#..##...#.#####.
####
#####...##'##...#.### #.
....................# #.
......O@............# #.
....................# ##
...[...####..###....#
..[.... ##.# #....#
....... #.###....#
####### #..##....#
##.##...!# #.###.### #..#
.#


You could see an ogre.

Vanquished Creatures
  Sigmund (D:2)
  A scorpion (D:4)
  The ghost of CanadianGator the Skirmisher, a weakling HOFi (D:3)
  An orc priest (D:4)
  Ijyb (D:2)
  2 orc wizards (D:4)
  7 gnolls
  2 adders
  An ooze (D:4)
  An adder zombie (D:3)
  2 worms
  2 dart slugs
  3 leopard geckos
  5 orcs
  4 ball pythons
  7 bats
  2 giant cockroaches
  5 goblins
  6 hobgoblins
  7 jackals
  10 kobolds
  3 frilled lizards
  8 rats
82 creatures vanquished.

Notes
Turn   | Place    | Note
-------+----------+-------------------------------------------
     0 | D:1      | CanadianGator the Hill Orc Fighter began the quest for the Orb.
     0 | D:1      | Reached XP level 1. HP: 19/19 MP: 1/1
   237 | D:1      | Reached skill level 3 in Axes
   261 | D:1      | Reached XP level 2. HP: 24/27 MP: 2/2
   824 | D:2      | Reached XP level 3. HP: 33/33 MP: 3/3
   993 | D:2      | Noticed Sigmund
  1001 | D:2      | Killed Sigmund
  1001 | D:2      | Reached skill level 5 in Axes
  1001 | D:2      | Reached skill level 1 in Dodging
  1001 | D:2      | Reached XP level 4. HP: 38/41 MP: 4/4
  1001 | D:2      | Reached XP level 5. HP: 44/47 MP: 5/5
  1414 | D:2      | Noticed Ijyb
  1425 | D:2      | Killed Ijyb
  1425 | D:2      | Reached XP level 6. HP: 45/53 MP: 6/6
  1476 | D:3      | Noticed CanadianGator's ghost (weakling HOFi)
  1486 | D:3      | Killed CanadianGator's ghost
  1840 | D:3      | Reached skill level 5 in Fighting
  1914 | D:3      | Reached skill level 6 in Axes
  2129 | D:4      | Reached XP level 7. HP: 59/61 MP: 7/7
  2405 | D:4      | Slain by an ogre

Skill      XL: |  1  2  3  4  5  6 |
---------------+-------------------+-----
Axes           | 3 5 6 |  6.8
Fighting       | 4 5 |  5.4
Armour         | 4 |  4.7
Dodging        | 1 2 |  2.3
Shields        | |  3.2

Action                   |  1- 3 |  4- 6 |  7- 9 || total
-------------------------+-------+-------+-------++-------
Melee: War axe           |    80 |   136 |    49 ||   265
  Use: Potion            |       |     1 |     2 ||     3
  Eat: Chunk             |       |     4 |     1 ||     5
Armor: Scale mail        |    40 |    54 |    19 ||   113
Dodge: Dodged            |    22 |    33 |    15 ||    70
Block: Shield            |    44 |    68 |    21 ||   133
